 Dungeon Crawl Stone Soup version 0.27.0-1-g7a089689b8 (webtiles) character file.

Game seed: 2267862189640527601

93 Crownlay the Covert (level 4, -2/29 HPs)
             Began as an Octopode Brigand on Aug 12, 2021.
             Slain by a sky beast (5 damage)
             ... on level 4 of the Dungeon.
             The game lasted 00:03:35 (2804 turns).

Crownlay the Covert (Octopode Brigand)              Turns: 2804, Time: 00:03:35

Health: -2/29      AC:  1    Str: 10    XL:     4   Next: 62%
Magic:  4/4        EV: 12    Int: 13    God:
Gold:   101        SH:  0    Dex: 14    Spells: 3/3 levels left

rFire    . . .     SeeInvis .   a - +2 dagger
rCold    . . .     Faith    .   (no shield)
rNeg     . . .     Spirit   .   (helmet restricted)
rPois    .         Reflect  .   (no amulet)
rElec    .         Harm     .   (no ring)
rCorr    .         Rampage  .   (no ring)
Will     .....                  (no ring)
Stlth    +++++.....             (no ring)
HPRegen  0.09/turn              (no ring)
MPRegen  0.09/turn              (no ring)
                                (no ring)
                                (no ring)

@: no status effects
A: almost no armour, amphibious, 8 rings, camouflage 1, gelatinous body 1,
(nimble swimmer 1), tentacles
a: no special abilities


You were on level 4 of the Dungeon.
You visited 1 branch of the dungeon, and saw 4 of its levels.

You collected 101 gold pieces.

Inventory:

Hand Weapons
 a - a +2 dagger (weapon)
Missiles
 b - 2 poisoned darts (quivered)
 m - 6 javelins
Jewellery
 h - an amulet of faith
Wands
 k - a wand of flame (19)
Scrolls
 e - a scroll of enchant weapon {unknown}
 f - a scroll of vulnerability {unknown}
 g - a scroll of noise {unknown}
 j - 4 scrolls of identify {unknown}
 o - a scroll of teleportation {unknown}
 p - a scroll of amnesia {unknown}
Potions
 d - 2 potions of might {unknown}
 i - 2 potions of curing {unknown}
 l - a potion of attraction {unknown}
 n - a potion of degeneration {unknown}
 q - a potion of berserk rage {unknown}


   Skills:
 - Level 2.0 Fighting
 - Level 2.0 Short Blades
 - Level 2.0 Throwing
 - Level 1.0 Dodging
 + Level 8.2 Stealth


You had 3 spell levels left.
You didn't know any spells.
Your spell library contained the following spells:

 Spells                   Type           Power      Damage    Failure   Level
 Inner Flame              Hex/Fire       0%         N/A       67%         3
 Cause Fear               Hex            0%         N/A       97%         4
 Discord                  Hex            0%         N/A       100%        8


Dungeon Overview and Level Annotations

Branches:
Dungeon (4/15)
 Temple: D:4-7

Altars:


Innate Abilities, Weirdness & Mutations

You cannot wear most types of armour.
You are amphibious.
You can wear up to eight rings at the same time.
Your skin changes colour to match your surroundings (Stealth+).
Your rubbery body absorbs attacks. (AC +1, EV +1)
((You are camouflaged near water. (Stealth+)))
You have tentacles for arms and can constrict up to eight enemies at once.


Message History

A sky beast comes into view.
You see here a book of Misfortune.
You throw a poisoned dart. The poisoned dart hits the sky beast.
The sky beast is poisoned.
You don't know any spells.
A sky beast is nearby!
You throw a curare-tipped dart.
The curare-tipped dart closely misses the sky beast.
You throw a poisoned dart. The poisoned dart hits the sky beast.
The sky beast is lightly wounded.
You throw a poisoned dart. The poisoned dart hits the sky beast.
The sky beast looks even sicker.
The sky beast is lightly wounded.
You throw a poisoned dart.
The poisoned dart closely misses the sky beast.
You throw a poisoned dart.
The poisoned dart barely misses the sky beast.
The sky beast barely misses you.
You hit the sky beast. Your squeeze misses the sky beast.
The sky beast is heavily wounded.
The sky beast flickers out of sight!
Deactivating autopickup; reactivate with Ctrl-A.
Something hits you. Something shocks you.
No target in view!
No target in view!
You barely miss something. You hit something. Your squeeze misses something.
Something hits you but does no damage.
You hit something. Something hits you. Something shocks you.
You hit something. Something hits you. Something shocks you.
* * * LOW HITPOINT WARNING * * *
A sky beast appears from thin air!
Reactivating autopickup.
The sky beast looks more healthy.
You barely miss the sky beast. You squeeze the sky beast.
The sky beast is almost dead.
The sky beast hits you.
* * * LOW HITPOINT WARNING * * *
The sky beast shocks you.
You die...

#(. . #.. . #.( ##. ..
#(( #.# ..# # #.( #.#
#.# # . ##(. #.## ##$#
# ...#...## ##..##..#
## .......:###......#
#. ..###....Y@......#
###.
#####.....(.########...
####...............
#.......########
#....#### # #....# #
#....# # #....# #
#.....


You could see a sky beast.

Vanquished Creatures
  Jessica (D:2)
  2 worms (D:3)
  A dart slug (D:1)
  3 bats
  5 endoplasms
  2 giant cockroaches
  5 goblins
  5 hobgoblins
  6 jackals
  6 quokkas
  4 ball pythons
  7 frilled lizards
  2 kobolds (D:3)
  7 rats
56 creatures vanquished.

Notes
Turn   | Place    | Note
-------+----------+-------------------------------------------
     0 | D:1      | Crownlay the Octopode Brigand began the quest for the Orb.
     0 | D:1      | Reached XP level 1. HP: 14/14 MP: 1/1
    75 | D:1      | Reached XP level 2. HP: 19/19 MP: 2/2
   109 | D:1      | Reached skill level 6 in Stealth
   526 | D:1      | Reached XP level 3. HP: 24/24 MP: 3/3
   678 | D:1      | Found a faded altar of an unknown god.
  1066 | D:2      | Noticed Jessica
  1075 | D:2      | Killed Jessica
  1076 | D:2      | Reached skill level 7 in Stealth
  1076 | D:2      | Reached XP level 4. HP: 21/29 MP: 4/4
  1940 | D:3      | Reached skill level 8 in Stealth
  2788 | D:4      | Noticed a sky beast
  2804 | D:4      | Slain by a sky beast

Illustrated notes

Levels and vault maps discovered:
D:1:      erik_arrival_blinker_ship, layout_loops_ring,
          shapermc_ecumenical_altar_ellora, minmay_pentomino_p2
D:2:      layout_basic, minmay_cut_off, uniq_jessica
D:3:      layout_loops_ring, uniq_crazy_yiuf_cottage
D:4:      layout_layer_cave, serial_shops, nicolae_shop_behind_doors,
          minmay_misc_feat_cross, uniq_pikel

Skill      XL: |  1  2  3  4 |
---------------+-------------+-----
Stealth        | 6 7 8 |  8.2
Fighting       | |  2.0
Short Blades   | |  2.0
Throwing       | |  2.0
Dodging        | |  1.0

Action                   |  1- 3 |  4- 6 || total
-------------------------+-------+-------++-------
Melee: Dagger            |    44 |    56 ||   100
       Tentacles         |     4 |     7 ||    11
       Constrict         |     6 |     8 ||    14
Throw: Dart              |     4 |    15 ||    19
 Stab: Sleeping          |    14 |    14 ||    28
Armor: Skin              |     1 |     7 ||     8
Dodge: Dodged            |    16 |    17 ||    33
